 Dungeon Crawl Stone Soup version 0.28-a0-94-g325244837d (webtiles) character file.

Game seed: 15710590507306127637

158 Leeroy the Slasher (level 5, -2/40 HPs)
             Began as a Djinni Warper on Aug 7, 2021.
             Slain by an iguana (12 damage)
             ... on level 5 of the Dungeon.
             The game lasted 00:05:17 (4666 turns).

Leeroy the Slasher (Djinni Warper)                  Turns: 4666, Time: 00:05:17

Health: -2/40      AC:  4    Str: 10    XL:     5   Next: 67%
Gold:   85         EV: 16    Int: 16    God:
                   SH:  0    Dex: 12

rFire   + + .      SeeInvis .   a - +0 falchion
rCold   x . .      Faith    .   (no shield)
rNeg    . . .      Spirit   .   b - +0 leather armour
rPois   ∞          Reflect  .   n - +0 helmet
rElec   .          Harm     .   (no cloak)
rCorr   .          Rampage  .   (no gloves)
Will    .....                   (boots unavailable)
Stlth   +.........              (no amulet)
HPRegen 0.13/turn               r - +4 ring of evasion
MPRegen 0.00/turn               s - ring of magical power

@: flying
A: sickness immunity, fire resistance 2, cold vulnerability 1, float, innate
caster, hp casting, extra vitality 1
a: no special abilities


You were on level 5 of the Dungeon.
You visited 1 branch of the dungeon, and saw 5 of its levels.

You collected 85 gold pieces.

Inventory:

Hand Weapons
 a - a +0 falchion (weapon)
 f - a +0 whip
Missiles
 d - 5 boomerangs of dispersal
 k - 6 boomerangs (quivered)
Armour
 b - a +0 leather armour (worn)
 n - a +0 helmet (worn)
Jewellery
 r - a +4 ring of evasion (left hand)
 s - a ring of magical power (right hand)
Wands
 o - a wand of paralysis (5)
Scrolls
 c - 2 scrolls of blinking
 h - a scroll of brand weapon {unknown}
 j - 2 scrolls of identify {unknown}
 p - a scroll of enchant weapon {unknown}
Potions
 e - 2 potions of resistance {unknown}
 g - 5 potions of curing {unknown}
 i - a potion of haste {unknown}
 l - 4 potions of flight {unknown}
 m - a potion of lignification {unknown}
 q - a potion of mutation {unknown}


   Skills:
 - Level 3.0 Fighting
 + Level 3.3 Long Blades
 - Level 0.7 Throwing
 - Level 1.0 Armour
 - Level 3.0 Dodging
 - Level 3.1 Spellcasting


You couldn't memorise any spells.
You knew the following spells:

 Your Spells              Type           Power      Damage    Failure   Level
a - Blink                 Tloc           N/A        N/A       11%         2
b - Lesser Beckoning      Tloc           6%         N/A       22%         3
c - Gell's Gravitas       Tloc           6%         N/A       22%         3
d - Teleport Other        Tloc           12%        N/A       22%         3
e - Manifold Assault      Tloc           12%        N/A       89%         5
f - Magic Dart            Conj           48%        1d5       7%          1
g - Static Discharge      Conj/Air       12%        N/A       11%         2
Your spell library was empty.

Dungeon Overview and Level Annotations

Branches:
Dungeon (5/15)
 Temple: D:4-7

Altars:

Shops:
D:1 *   D:2 *


Innate Abilities, Weirdness & Mutations

You are immune to sickness and miasma.
You are immune to poison.
Your flesh is very heat resistant. (rF++)
You are vulnerable to cold. (rC-)
You float through the air rather than walking.
You learn spells naturally, not from books.
Your magical power is your life essence.
You have superior vitality. (+4 HP)


Message History

The hound bites you but does no damage.
There is a stone staircase leading up here.
The hound bites you but does no damage. The hound barely misses you.
There is a stone staircase leading down here.
The hound bites you.
* * * LOW HITPOINT WARNING * * *
The hound closely misses you.
You fly downwards.
You hear the sound of rushing water.
There is an entrance to a sewer on this level.
Hurry and find it before the portal rusts away!
Found a scratched ivory ring.
There is a stone staircase leading up here.
You are too injured to fight recklessly!
You barely miss the hound.
The hound is almost dead.
The hound bites you but does no damage.
You hit the hound.
You kill the hound!
You see here a hound corpse.
r - a +4 ring of evasion
r - a +4 ring of evasion (left hand)
You see here a hound corpse.
Found 18 sling bullets.
Found a notched bronze ring.
An iguana comes into view.
Found 7 gold pieces.
You see here a ring of magical power.
s - a ring of magical power You repel a surge of foreign magic.
s - a ring of magical power (right hand)
You hit the iguana but do no damage. The iguana barely misses you.
You hit the iguana.
The iguana is moderately wounded.
The iguana bites you.
* * * LOW HITPOINT WARNING * * *
You hit the iguana but do no damage.
The iguana is moderately wounded.
The iguana bites you!
You die...

##$..#.# #
. ....# ..
#..... ..#
.#..##..
..... ....
#..######.
....
#.........
...#
##l######
###.## #@#
.....
#.########
#.##
#........#
###...
########.#
#..... #.#
#.##.#
#.####.##.#
#.....#...#
######.##.#
...(.


You could see an iguana.

Vanquished Creatures
  A hound (D:5)
  6 adders
  4 worms
  A dart slug (D:2)
  3 orcs
  4 bats
  2 endoplasms (D:1)
  2 giant cockroaches
  5 goblins
  5 hobgoblins
  7 jackals (D:3)
  2 quokkas
  7 ball pythons
  5 frilled lizards
  5 kobolds
  4 rats
63 creatures vanquished.

Notes
Turn   | Place    | Note
-------+----------+-------------------------------------------
     0 | D:1      | Leeroy the Djinni Warper began the quest for the Orb.
     0 | D:1      | Reached XP level 1. HP: 18/18 MP: 0/0
   424 | D:1      | Reached XP level 2. HP: 12/23 MP: 0/0
  1295 | D:1      | Found Cyolosilif's Assorted Antiques.
  1575 | D:2      | Reached XP level 3. HP: 13/28 MP: 0/0
  1575 | D:2      | Learned a level 1 spell: Magic Dart
  2725 | D:2      | Reached XP level 4. HP: 28/33 MP: 0/0
  2968 | D:2      | Found Lufonose's General Store.
  3862 | D:3      | Reached XP level 5. HP: 26/40 MP: 0/0
  3862 | D:3      | Learned a level 2 spell: Static Discharge
  4596 | D:4      | Noticed a black bear
  4625 | D:5      | Entered Level 5 of the Dungeon
  4666 | D:5      | Slain by an iguana

Illustrated notes

Levels and vault maps discovered:
D:1:      dpeg_arrival_shelter, layout_loops_corners, serial_shops, shop
D:2:      layout_loops_ring, serial_shops, shop
D:3:      layout_basic
D:4:      layout_loops_ring, minmay_fractal_squares_5
D:5:      layout_loops_ring, cheibrodos_sewer_entry_drain, uniq_duvessa

Skill      XL: |  1  2  3  4  5 |
---------------+----------------+-----
Long Blades    | 2 3 |  3.3
Dodging        | 3 |  3.0
Fighting       | 3 |  3.0
Spellcasting   | 3 |  3.1
Throwing       | |  0.7
Armour         | |  1.0

Action                   |  1- 3 |  4- 6 || total
-------------------------+-------+-------++-------
Melee: Falchion          |    97 |   174 ||   271
Throw: Boomerang         |       |     7 ||     7
 Cast: Magic Dart        |     7 |       ||     7
 Stab: Sleeping          |     1 |       ||     1
Armor: Leather armour    |    24 |    55 ||    79
Dodge: Dodged            |    68 |   150 ||   218
       Rpst.: Falchion   |    21 |    43 ||    64

Table legend: (Time is in decaauts)
 A = Elapsed time spent in this place.
 B = Non-inter-level travel time spent in this place.
 C = Inter-level travel time spent in this place.
 D = Time resting spent in this place.
 E = Time spent auto-exploring this place.
 F = Levels seen in this place.
 G = Mean time per level.
                   A        B        C        D        E       F      G
               +--------+--------+--------+--------+--------+-----+--------+
         Total |   4713 |   4612 |    101 |    963 |   2941 |   5 |  942.6 |
       Dungeon |   4713 |   4612 |    101 |    963 |   2941 |   5 |  942.6 |
               +--------+--------+--------+--------+--------+-----+--------+

Top non-repeatable levels by time:
     D:1: 2111 daAuts
     D:2: 1760 daAuts
     D:3: 766 daAuts
     D:5: 40 daAuts
     D:4: 34 daAuts
